Unix NetHack Version 5.0.0-0 post-release - last build May  4 2026 22:22:43 (774f63e81ad911689b3a0859ea89b322d5daca8d,branch:main).

Game began 2026-05-06 04:35:01, ended 2026-05-06 04:51:54.

2460080212, lawful female human Valkyrie

                                     --.
                                     G@.............---
                                     -............)...|
                                     ...........^...%)|
                                            ..)..).+..|
                                            .....|....-
                                            ...----....
                                                  .<.
                                                  ...

2460080212 the Skirmisher   St:13 Dx:14 Co:18 In:10 Wi:10 Ch:10  Lawful
Dlvl:3  $:15 HP:0(32) Pw:7(7) AC:6  Xp:3 T:1625 

Latest messages:
 Really step onto that arrow trap? [yn] (n) n
 The gecko misses!
 You hit the gecko.
 You kill the gecko!
 You descend the stairs.
 You hit the gnome.
 You miss the gnome.
 You kill the gnome!
 q - a tripe ration.
 There is a gnome corpse here; eat it? [ynq] (n) y
 This gnome corpse is tough.
 You hear crashing rock.
 You hear crashing rock.
 You finish eating the gnome corpse.
 The gnome hits!
 The arrow hits the gnome.
 The arrow hits the gnome.
 You miss the gnome.
 The gnome hits!
 You hear crashing rock.
 You miss the gnome.
 You hit the gnome.
 The gnome hits!
 You kill the gnome!
 You are almost hit by an arrow.
 You see here a gnome corpse.
 You are hit by an arrow.
 Really step into that hole? [yn] (n) n
 You are hit by an arrow.
 An arrow misses you.
 You are almost hit by an arrow.
 You are hit by an arrow.
 You are almost hit by an arrow.
 You hear crashing rock.
 You are hit by an arrow.
 You are hit by an arrow!
 You are almost hit by an arrow.
 You are hit by an arrow.
 You are hit by an arrow.
 The gnome lord just misses!
 You hit the gnome lord!
 The gnome lord hits!
 You miss the gnome lord.
 The gnome lord hits!
 You die...
 Do you want your possessions identified? [ynq] (y) n
 Do you want to see your attributes? [ynq] (y) n
 Do you want an account of creatures vanquished? [ynaq] (y) n
 Do you want to see your conduct and achievements? [ynq] (y) n
 Do you want to see the dungeon overview? [ynq] (y) n

Inventory:
 Coins    ('$')
  $ - 15 gold pieces
 Weapons  (')')
  k - 10 +0 arrows
  l - 8 cursed +0 crossbow bolts
  m - a cursed -1 orcish bow
  g - 3 +0 darts
  b - a +0 dagger (alternate weapon; not wielded)
  a - a +1 spear (weapon in right hand)
 Armor    ('[')
  n - an uncursed +0 helmet
  c - an uncursed +3 small shield (being worn)
 Comestibles  ('%')
  d - 3 uncursed food rations
  q - an uncursed tripe ration
 Potions  ('!')
  i - an uncursed potion of booze
  e - an uncursed potion of fruit juice
  f - a blessed potion of hallucination
  o - an uncursed potion of healing
  p - an uncursed potion of see invisible
 Tools    ('(')
  h - an uncursed lock pick

2460080212 the Valkyrie's attributes:

Background:
 You were a Skirmisher, a level 3 human Valkyrie.
 You were lawful, nominally on a mission for Tyr
 who was opposed by Odin (neutral) and Loki (chaotic).
 You were right-handed.
 You were in the Gnomish Mines, on level 3.
 You entered the dungeon 1625 turns ago.
 It was nighttime.
 You had 73 experience points, 7 more were needed to attain level 4.

Basics:
 You had 0 out of 32 hit points.
 You had all 7 energy points (spell power).
 Your armor class was 6.
 Your wallet contained 15 zorkmids.
 Autopickup was off.

Final Characteristics:
 Your strength was 13 (limit:18/100).
 Your dexterity was 14 (limit:18).
 Your constitution was 18 (limit:18).
 Your intelligence was 10 (limit:18).
 Your wisdom was 10 (limit:18).
 Your charisma was 10 (limit:18).

Final Status:
 You weren't hungry.
 You were unencumbered.
 You were wielding a spear.
 You had basic skill with spear.

Final Attributes:
 You were devoutly aligned.
 You were cold resistant.
 You were stealthy.
 You are dead.

Miscellaneous:
 You didn't encounter any bones levels.
 Total elapsed playing time was 16 minutes and 51 seconds.

Major events:
 Turn
    1: 2460080212 the lawful human Valkyrie entered the dungeon
 1118: attained the rank of Skirmisher (level 3)
 1552: entered the Gnomish Mines
 1625: killed by a gnome lord

You didn't know any spells.

Skills:
 Fighting Skills
   bare handed combat [Unskilled]
   two weapon combat  [Unskilled]
   riding             [Unskilled]
 Weapon Skills
   dagger             [Basic]
   axe                [Unskilled]
   pick-axe           [Unskilled]
   short sword        [Unskilled]
   broadsword         [Unskilled]
   long sword         [Unskilled]
   two-handed sword   [Unskilled]
   saber              [Unskilled]
   hammer             [Unskilled]
   quarterstaff       [Unskilled]
   polearms           [Unskilled]
   spear              [Basic]
   trident            [Unskilled]
   lance              [Unskilled]
   sling              [Unskilled]
 Spellcasting Skills
   attack spells      [Unskilled]
   escape spells      [Unskilled]

Voluntary challenges:
 Character rerolling was not enabled.
 You were an atheist.
 You were illiterate.
 You never genocided any monsters.
 You never polymorphed an object.
 You never changed form.
 You used no wishes.
Achievements:
 You attained the rank of Skirmisher.
 You entered the Gnomish Mines.

 The Dungeons of Doom: levels 1 to 3
    Level 1:
       A fountain.
    Level 2:
       Stairs down to The Gnomish Mines.
    Level 3:
       A fountain, a sink.
 The Gnomish Mines:
    Level 3: <- You were here.
       Final resting place for
          you, killed by a gnome lord.


Vanquished creatures:
  2 gnomes
  2 geckos
  2 jackals
  a fox
  2 kobolds
  a goblin
  2 grid bugs
  2 bats
  4 lichens
  2 newts
20 creatures vanquished.

No species were genocided or became extinct.

Game over:
                       ----------
                      /          \
                     /    REST    \
                    /      IN      \
                   /     PEACE      \
                  /                  \
                  |    2460080212    |
                  |      15 Au       |
                  |   killed by a    |
                  |    gnome lord    |
                  |                  |
                  |                  |
                  |       2026       |
                 *|     *  *  *      | *
        _________)/\\_//(\/(/\)/\//\/|_)_______

Farvel 2460080212 the Valkyrie...

You died in The Gnomish Mines on dungeon level 3 with 406 points,
and 15 pieces of gold, after 1625 moves.
You were level 3 with a maximum of 32 hit points when you died.

